 Dungeon Crawl Stone Soup version 0.30.2 (webtiles) character file.

Game seed: 8273407557580834867

107 porpoise the Shooter (level 5, -1/40 HPs)
             Began as a Human Hunter on Mar 10, 2024.
             Slain by Natasha (5 damage)
             ... on level 2 of the Dungeon.
             The game lasted 00:04:43 (1603 turns).

porpoise the Shooter (Human Hunter)                 Turns: 1603, Time: 00:04:44

Health: -1/40      AC:  3    Str: 11    XL:     5   Next: 10%
Magic:  5/5        EV: 12    Int: 10    God:
Gold:   91         SH:  0    Dex: 18    Spells: 4/4 levels left

rFire   . . .        a - +0 shortbow
rCold   . . .        (shield currently unavailable)
rNeg    . . .        c - +0 leather armour
rPois   .            (no helmet)
rElec   .            (no cloak)
rCorr   .            (no gloves)
SInv    .            (no boots)
Will    .....        (no amulet)
Stlth   ++           (no ring)
HPRegen 0.26/turn    (no ring)
MPRegen 0.09/turn

%: no passive effects
@: slowed, very slow
A: no striking features
a: no special abilities


You were on level 2 of the Dungeon.
You visited 1 branch of the dungeon, and saw 2 of its levels.

You collected 91 gold pieces.

Inventory:

Hand Weapons
 a - a +0 shortbow (weapon)
 b - a +2 heavy sling
Armour
 c - a +0 leather armour (worn)
Scrolls
 d - a scroll of teleportation {unknown}
 f - 2 scrolls of fog {unknown}
 h - a scroll of identify {unknown}
 i - a scroll of vulnerability {unknown}
 j - a scroll of enchant armour {unknown}
 k - a scroll of enchant weapon {unknown}
 n - a scroll of magic mapping {unknown}
 o - a scroll of immolation
 q - a scroll of noise {unknown}
Potions
 e - 2 potions of might {unknown}
 g - a potion of flight {unknown}
 l - a potion of magic {unknown}
 m - a potion of curing {unknown}
 p - 2 potions of brilliance {unknown}


   Skills:
 + Level 2.9 Fighting
 * Level 5.1 Ranged Weapons
 - Level 2.0 Dodging
 + Level 2.4 Stealth


You had 4 spell levels left.
You didn't know any spells.
Your spell library contained the following spells:

 Spells                   Type           Power      Damage    Failure   Level
 Petrify                  Tmut/Erth      0%         N/A       99%         4
 Metabolic Englaciation   Hex/Ice        0%         N/A       100%        5
 Statue Form              Tmut/Erth      0%         N/A       100%        6


Dungeon Overview and Level Annotations

Branches:
Dungeon (2/15)

Altars:

Shops:
D:1 *

Annotations:
D:2 Natasha


Message History

You hear some strange, mumbled words.
A magic dart appears from out of thin air!
The magic dart hits you!
No target in view!
No target in view!
Unknown command.
You shoot an arrow.
You hear some strange, mumbled words.
Something tries to affect you, but you resist.
Something claws you.
You shoot an arrow.
You hear some strange, mumbled words.
A magic dart appears from out of thin air!
The magic dart hits you!
You hear some strange, mumbled words.
Something tries to affect you, but you resist.
You shoot an arrow. Something claws you.
You shoot an arrow. Something claws you.
You hear some strange, mumbled words.
Something tries to affect you, but you resist.
You shoot an arrow.
You hear some strange, mumbled words.
A magic dart appears from out of thin air!
The magic dart hits you.
You hear some strange, mumbled words.
You shoot an arrow.
The arrow completely misses the cerulean imp.
Something claws you but does no damage. The cerulean imp misses you.
Something claws you!
* * * LOW HITPOINT WARNING * * *
You shoot an arrow.
The arrow closely misses the cerulean imp.
The cerulean imp closely misses you. Something claws you.
* * * LOW HITPOINT WARNING * * *
The cerulean imp barely misses you. Something claws you.
* * * LOW HITPOINT WARNING * * *
You shoot an arrow. The arrow hits the cerulean imp.
The cerulean imp is moderately wounded.
The cerulean imp barely misses you. Something claws you.
You die...

#.#.##..# #.# #.......#
#.######
.........######.......
......................
###......######.......
.....................
.####..##..######.######
......###..#### #.#
#....5{@......# #####
#...[.###.....######....
#.... #.#...#....#....
#... #.#...#....#....
... #.##.##....#.... ..
#.##..##...#.... .
#.###..#.#.#.... #.#
##.#........
#######.####..##.#....


You could see a cerulean imp (summoned).

Vanquished Creatures
  Natasha (twice) (D:2)
  2 adders (D:2)
  2 dart slugs
  5 endoplasms
  A giant cockroach (D:2)
  4 goblins
  2 hobgoblins (D:1)
  A quokka (D:1)
  7 ball pythons
  4 bats
  2 frilled lizards
  2 kobolds
  2 rats (D:1)
36 creatures vanquished.

Notes
Turn   | Place    | Note
-------+----------+-------------------------------------------
     0 | D:1      | porpoise the Human Hunter began the quest for the Orb.
     0 | D:1      | Reached XP level 1. HP: 16/16 MP: 1/1
   164 | D:1      | Reached XP level 2. HP: 17/22 MP: 2/2
   238 | D:1      | Found Goeluum's General Store.
   801 | D:1      | Reached XP level 3. HP: 27/27 MP: 3/3
  1201 | D:2      | Noticed Natasha
  1208 | D:2      | Killed Natasha
  1209 | D:2      | Reached XP level 4. HP: 26/34 MP: 4/4
  1235 | D:2      | Noticed Natasha
  1246 | D:2      | Killed Natasha
  1344 | D:2      | Reached skill level 5 in Ranged Weapons
  1479 | D:2      | Reached XP level 5. HP: 36/40 MP: 5/5
  1591 | D:2      | Noticed Natasha
  1603 | D:2      | Slain by Natasha

Illustrated notes

Levels and vault maps discovered:
D:1:      psy_arrival_dodecagon, layout_basic, serial_shops,
          nicolae_shop_peninsula
D:2:      layout_basic, minmay_misc_feat_room, uniq_natasha

Skill      XL: |  1  2  3  4 |
---------------+-------------+-----
Stealth        | 2 |  2.4
Ranged Weapons | 5 |  5.1
Fighting       | |  2.9
Dodging        | |  2.0

Action                     |  1- 3 |  4- 6 || total
---------------------------+-------+-------++-------
   Fire: Shortbow          |    59 |    50 ||   109
 Armour: Leather armour    |     6 |     5 ||    11
  Dodge: Dodged            |     9 |    23 ||    32
